 Dungeon Crawl Stone Soup version 0.27-a0-328-g7f782ed93a (webtiles) character file.

Game seed: 2681027845975562260

53 CurlyBrace the Caller (level 3, -3/16 HPs)
             Began as a Felid Summoner on Feb 11, 2021.
             Shot with an arrow by a centaur (9 damage)
             ... on level 5 of the Dungeon.
             The game lasted 00:02:43 (225 turns).

CurlyBrace the Caller (Felid Summoner)               Turns: 225, Time: 00:02:43

Health: -3/16      AC:  1    Str:  5    XL:     3   Next: 62%
Magic:  4/7        EV: 18    Int: 16    God:
Gold:   10         SH:  0    Dex: 16    Spells: 5/6 levels left
                                        Lives:  0   Deaths: 0

rFire    . . .     SeeInvis +     - Unarmed
rCold    . . .     Faith    .   (shield unavailable)
rNeg     . . .     Spirit   .   (armour unavailable)
rPois    .         Reflect  .   (helmet unavailable)
rElec    .         Harm     .   (cloak unavailable)
rCorr    .         Rampage  .   (gloves unavailable)
Will     .....                  (boots unavailable)
Stlth    +++.......             (no amulet)
HPRegen  0.05/turn              (no ring)
MPRegen  0.10/turn              (no ring)

@: hasted, very quick
A: very small, no armour, no weapons or thrown items, stealth, claws 1, fangs 3,
see invisible, speed 1, shaggy fur 1, sharp paws
a: no special abilities


You were on level 5 of the Dungeon.
You visited 1 branch of the dungeon, and saw 5 of its levels.

You collected 10 gold pieces.

You aren't carrying anything.


   Skills:
 + Level 2.0 Fighting
 - Level 3.0 Dodging
 - Level 3.0 Stealth
 + Level 2.0 Unarmed Combat
 - Level 2.0 Spellcasting
 - Level 4.0 Summonings


You had 5 spell levels left.
You knew the following spells:

 Your Spells              Type           Power        Failure   Level
a - Summon Small Mammal   Summ           56%          4%          1

Your spell library contained the following spells:

 Spells                   Type           Power        Failure   Level
 Call Imp                 Summ           14%          6%          2
 Call Canine Familiar     Summ           14%          12%         3
 Summon Guardian Golem    Hex/Summ       8%           26%         3
 Summon Ice Beast         Ice/Summ       8%           65%         4
 Summon Lightning Spire   Summ/Air       8%           65%         4


Dungeon Overview and Level Annotations

Branches:
Dungeon (5/15)
 Temple: D:4-7

Altars:

Annotations:
D:4 1 runed translucent door, spacewizard's ghost, novice KoBr


Innate Abilities, Weirdness & Mutations

You cannot wear armour.
You are incapable of wielding weapons or throwing items.
Your paws allow you to move quietly. (Stealth)
You have sharp claws.
You have razor-sharp teeth.
You have supernaturally acute eyesight. (SInv)
You cover ground quickly.
You are covered in fur. (AC +1)
Your sharp claws are effective at attacking unaware monsters.


Message History

There is a stone staircase leading down here.
You climb downwards.
A giant cockroach and an ufetubus come into view.
You stumble into a teleport trap!
You are suddenly yanked towards some nearby monsters!
Your surroundings suddenly seem different.
The giant cockroach moves out of view.
The ufetubus moves out of view.
Found a robe.
A ball python and a giant cockroach come into view.
You can't go up here!
Unknown command.
The giant cockroach moves out of view.
The ball python moves out of view.
Found a falchion.
A centaur comes into view.
The centaur shouts!
The centaur wields a +0 shortbow.
The centaur shoots an arrow.
The arrow closely misses you.
Found a ring mail.
You aren't carrying any scrolls.
Unknown command.
Casting: Summon Small Mammal (safe; 4% risk of failure)
Confirm with . or Enter, or press ? or * to list all spells.
Casting: Summon Small Mammal (safe; 4% risk of failure)
Confirm with . or Enter, or press ? or * to list all spells.
You swap places.
Something hits your rat.
Casting: Summon Small Mammal (safe; 4% risk of failure)
Confirm with . or Enter, or press ? or * to list all spells.
Something hits your rat!
Your rat dies!
Your rat's corpse disappears in a puff of smoke!
Unknown command.
You feel yourself speed up.
The centaur wields a +0 shortbow.
The centaur shoots an arrow.
The arrow completely misses you.
The centaur shoots an arrow.
The arrow hits your rat.
Your rat dies!
Your rat's corpse disappears in a puff of smoke!
Your rat bites the centaur but does no damage.
The centaur shoots an arrow.
The arrow hits you!
Ouch! That really hurt!
You die...

...c ..# .[. ##
#.### # #.
#...#.# #
#+####)#####c..#
##.
#........#.§r###
.... #..#
#..#.###
.....#..####..@.#
BS.............##
#..####.### ##
#.......# .#
#..[....# ...
######### ... ...
...


You could see a centaur and a friendly rat (summoned).

Vanquished Creatures
  2 adders
  An orc (D:4)
  2 bats (D:1)
  4 rats
9 creatures vanquished.

Vanquished Creatures (collateral kills)
  A hound (D:4)
1 creature vanquished.

Grand Total: 10 creatures vanquished

Notes
Turn   | Place    | Note
-------+----------+-------------------------------------------
     0 | D:1      | CurlyBrace the Felid Summoner began the quest for the Orb.
     0 | D:1      | Reached XP level 1. HP: 7/7 MP: 4/4
    90 | D:2      | Reached skill level 1 in Fighting
    90 | D:2      | Reached skill level 1 in Unarmed Combat
    90 | D:2      | Reached XP level 2. HP: 12/12 MP: 6/6
   161 | D:4      | Reached XP level 3. HP: 3/16 MP: 4/7
   185 | D:4      | Found a runed translucent door.
   190 | D:4      | Noticed spacewizard's ghost (novice KoBr)
   207 | D:5      | Entered Level 5 of the Dungeon
   217 | D:5      | Noticed a centaur
   225 | D:5      | Shot with an arrow by a centaur

Illustrated notes

Levels and vault maps discovered:
D:1:      tarquinn_simple_flora_water_d, layout_rooms
D:2:      layout_basic, minmay_tall_x, uniq_robin
D:3:      layout_loops_cross, uniq_terence, uniq_crazy_yiuf_cottage
D:4:      layout_cave_pods, fedhas_altar_4, ebering_ghost_sewer_f, uniq_duvessa
D:5:      layout_loops_cross, serial_shops, nicolae_shop_behind_doors

Skill      XL: |  1  2 |
---------------+-------+-----
Fighting       | 1 2 |  2.0
Dodging        | 3 |  3.0
Stealth        | 3 |  3.0
Unarmed Combat | 1 2 |  2.0
Spellcasting   | |  2.0
Summonings     | |  4.0

Action                   || total
-------------------------++-------
Melee: Unarmed           ||    41
       Bite              ||     2
 Cast: Summon Small Mamm ||     5
  Use: Potion            ||     3
 Stab: Sleeping          ||     6
Armor: Skin              ||     3
Dodge: Dodged            ||    41

Table legend: (Time is in decaauts)
 A = Elapsed time spent in this place.
 B = Non-inter-level travel time spent in this place.
 C = Inter-level travel time spent in this place.
 D = Time resting spent in this place.
 E = Time spent auto-exploring this place.
 F = Levels seen in this place.
 G = Mean time per level.
                   A        B        C        D        E       F      G
               +--------+--------+--------+--------+--------+-----+--------+
         Total |    172 |    172 |      0 |      0 |      0 |   5 |   34.4 |
       Dungeon |    172 |    172 |      0 |      0 |      0 |   5 |   34.4 |
               +--------+--------+--------+--------+--------+-----+--------+

Top non-repeatable levels by time:
     D:4: 74 daAuts
     D:1: 55 daAuts
     D:2: 20 daAuts
     D:5: 14 daAuts
     D:3: 7 daAuts
